 Dungeon Crawl Stone Soup version 0.19-a0-1608-g4cf22de (webtiles) character file.

136213 Charly the Brawler (level 16, -2/145 HPs)
             Began as a Ghoul Monk on Sept 16, 2016.
             Was an Elder of Cheibriados.
             Slain by a white very ugly thing (26 damage)
             ... on level 3 of the Vaults on Sept 17, 2016.
             The game lasted 02:40:31 (8918 turns).

Charly the Brawler (Ghoul Monk)                     Turns: 8918, Time: 02:40:32

Health: -2/145     AC: 31    Str: 28    XL:     16   Next: 89%
Magic:  14/22      EV: 16    Int: 21    God:    Cheibriados [****..]
Gold:   801        SH:  0    Dex: 24    Spells: 0 memorised, 15 levels left

rFire  . . .     SeeInvis .       - Unarmed
rCold  + . .     Gourm    .     d - +8 plate armour of Resonance {*Contam rElec rPois Int+5}
rNeg   + + +     Faith    .     (no shield)
rPois  ∞         Spirit   .     (no helmet)
rElec  +         Dismiss  .     K - +1 cloak {+Inv}
rCorr  .         Reflect  .     (no gloves)
MR     ++...     Harm     .     z - +0 pair of boots
Stlth  ..........               (no amulet)
                                L - +4 ring of protection
                                m - ring of protection from magic

@: rotting, very slow
A: rotting body, claws 1, carnivore 3, cold resistance 1, negative energy
resistance 3, slow regeneration 1, torment resistance, unbreathing
a: Bend Time, Temporal Distortion, Slouch, Renounce Religion, Evoke Invisibility
}: 1/15 runes: decaying


You were on level 3 of the Vaults.
You worshipped Cheibriados.
Cheibriados was greatly pleased with you.
You were not hungry.

You visited 5 branches of the dungeon, and saw 29 of its levels.

You collected 1103 gold pieces.
You spent 302 gold pieces at shops.

Inventory:

Hand Weapons
 b - a +0 blowgun
 C - a +0 short sword of distortion
Missiles
 c - 10 curare-tipped needles
 M - 2 throwing nets (quivered)
Armour
 d - the +8 plate armour of Resonance (worn) {*Contam rElec rPois Int+5}
   (You found it on level 9 of the Dungeon)

   It affects your intelligence (+5).
   It insulates you from electricity.
   It protects you from poison.
   It causes magical contamination when unequipped.
 z - a +0 pair of boots (worn)
 K - a +1 cloak of invisibility (worn)
Magical Staves
 q - an uncursed staff of wizardry
Jewellery
 f - an uncursed ring of protection from fire
 g - a +3 ring of intelligence
 i - an uncursed ring of see invisible
 m - a ring of protection from magic (left claw)
 s - an uncursed ring of magical power
 w - an uncursed ring of wizardry
 H - a +3 ring of strength
 L - a +4 ring of protection (right claw)
Wands
 l - a wand of disintegration (4/24)
 x - a wand of polymorph (16/24)
 y - a wand of slowing (18/48)
 D - a wand of acid (2/15)
Scrolls
 j - 2 scrolls of fear
 p - 5 scrolls of fog
 r - 2 scrolls of teleportation
 J - a scroll of recharging
 O - a scroll of remove curse
 S - 2 scrolls of blinking
Potions
 e - 2 potions of flight
 h - 2 potions of curing
 o - 3 potions of resistance
 t - 6 potions of brilliance
 u - 3 potions of cure mutation {unknown}
 v - 4 potions of agility
 A - 2 potions of cancellation {unknown}
 E - 3 potions of ambrosia
 F - a potion of beneficial mutation {unknown}
 I - 2 potions of magic {unknown}
 P - a potion of haste {unknown}
Miscellaneous
 G - a sack of spiders
Comestibles
 k - 2 royal jellies
 n - 2 beef jerkies
 B - 7 meat rations


   Skills:
 + Level 13.7 Fighting
 + Level 11.8 Armour
 + Level 9.8 Dodging
 - Level 2.1 Stealth
 * Level 18.7 Unarmed Combat
 * Level 10.1 Invocations
 - Level 8.0 Evocations


You had 15 spell levels left.
You didn't know any spells.

Dungeon Overview and Level Annotations

Branches:
Dungeon (15/15)            Temple (1/1) D:5            Lair (6/6) D:11
  Swamp (4/4) Lair:2        Snake (0/4) Lair:2        Slime (0/5) Lair:6
 Vaults (3/5) D:14          Crypt (0/3) Vaults:3     Depths (0/5) D:15
    Orc: D:9-12

Altars:
Ashenzari
Cheibriados
Elyvilon
Fedhas
Gozag
Hepliaklqana
Kikubaaqudgha
Makhleb
Nemelex Xobeh
Okawaru
Qazlal
Ru
Sif Muna
Uskayaw
Vehumet
Xom
Yredelemnul
Zin
The Shining One

Shops:
D:11 [   Vaults:3 *

Annotations:
D:4 Edmund, Natasha
Vaults:1 4 exclusions
Vaults:3 Xtahua


Innate Abilities, Weirdness & Mutations

Your body is rotting away.
You thrive on raw meat.
You are immune to poison.
You have sharp fingernails.
You are carnivorous and can eat meat at any time.
Your flesh is cold resistant. (rC+)
You are immune to negative energy. (rN+++)
You regenerate slowly when monsters are visible.
You are immune to unholy pain and torment.
You can survive without breathing.


Message History

Unknown command.
The vault sentinel gestures at you while chanting.
You barely resist.
The vault sentinel hits you but does no damage.
A very ugly thing, a centaur and a centaur warrior come into view.
There is an open door, spattered with blood here.
You see here a very ugly thing corpse.
Unknown command.
You claw the vault sentinel!
You kill the vault sentinel!
Cheibriados appreciates the change of pace.
The centaur wields a shortbow.
The centaur shoots an arrow.
The arrow barely misses you.
The centaur warrior wields a shortbow.
The centaur warrior shoots an arrow.
The arrow misses you.
A white very ugly thing comes into view.
The centaur shoots an arrow.
The arrow hits you but does no damage.
The white very ugly thing trunk-slaps you!
* * * LOW HITPOINT WARNING * * *
The white very ugly thing freezes you!! You resist.
You die...

#.... #....
##### # # ##
### # ##.
##.## #
#.u##...##
#.cu@...(#
#...c.)##...##
#...##. ##.##
##' ## ###


You could see 2 very ugly things, a centaur warrior and a centaur.

Vanquished Creatures
  A bone dragon (Vaults:3)
  A thorn hunter (Swamp:4)
  The ghost of nublet the Bludgeoner, a journeyman HOMo of Beogh (Swamp:3)
  3 vault wardens
  Aizul (Swamp:2)
  2 ironheart preservers
  An entropy weaver (Vaults:3)
  A very ugly thing (Vaults:3)
  A juggernaut skeleton (D:15)
  A stone giant (Vaults:2)
  A dire elephant (Lair:6)
  Snorg (D:10)
  2 ettins
  A deep elf death mage (Vaults:1)
  A yaktaur captain (Vaults:1)
  2 rakshasas (Vaults:3)
  12 hydras
  A fire dragon (Vaults:1)
  An ice dragon (Vaults:1)
  A great orb of eyes (Vaults:3)
  3 death knights
  3 ogre magi
  A merfolk avatar (Lair:6)
  A ghost crab (Swamp:4)
  3 vault guards
  2 centaur warriors
  4 alligators
  A deep troll earth mage (Vaults:2)
  A deep troll shaman (Vaults:2)
  3 spriggan berserkers (Swamp:4)
  Sonja (D:10)
  Nergalle (Lair:4)
  A deep elf knight (Vaults:1)
  3 skeletal warriors
  A deep troll (shapeshifter) (Vaults:1)
  An unseen horror (D:12)
  A flayed ghost (Vaults:2)
  A shadow wraith (Vaults:2)
  3 deep trolls (Vaults:2)
  A phantasmal warrior (D:15)
  4 wizards
  6 ironbrand convokers
  4 deep elf archers
  7 swamp dragons
  A glowing orange brain (Vaults:2)
  5 hill giants
  A fire giant zombie (D:15)
  7 deep elf magi
  A shambling mangrove (Swamp:3)
  5 orc knights
  An orb spider (shapeshifter) (D:15)
  6 ugly things (D:15)
  3 necromancers
  2 wolf spiders (Vaults:3)
  6 cyclopes
  A frost giant zombie (D:15)
  3 manticores
  Maurice (D:8)
  3 black mambas
  4 centaur zombies
  An elephant (Lair:4)
  6 vault sentinels
  A centaur skeleton (D:10)
  7 spiny frogs
  2 rime drakes (Lair:6)
  4 komodo dragons (Lair:6)
  7 freezing wraiths
  An efreet (D:15)
  A yaktaur (Vaults:2)
  5 two-headed ogres
  A wind drake (Lair:6)
  12 slime creatures
  10 hippogriffs
  4 polar bears (Lair:6)
  3 tyrant leeches
  A boulder beetle (Lair:6)
  An ice dragon zombie (D:15)
  5 bog bodies
  7 wraiths
  4 wyverns
  2 redbacks
  33 yaks
  18 humans (D:14)
  A human simulacrum (Vaults:2)
  2 basilisks
  A hungry ghost (D:9)
  A golden eye (shapeshifter) (D:12)
  2 vampire mosquitoes (Swamp:2)
  Menkaure (D:5)
  A soldier ant (D:12)
  10 swamp worms
  4 insubstantial wisps (Swamp:1)
  9 water moccasins
  4 porcupines
  2 sky beasts
  16 orc warriors
  3 ice beasts
  10 swamp drakes
  2 phantoms
  5 wasps
  13 ogres
  7 centaurs
  6 boggarts
  5 wolves (Lair:2)
  9 crocodiles
  A big kobold (D:12)
  11 bullfrogs
  4 killer bees (D:10)
  2 scorpions
  3 wights (D:5)
  An electric eel (Lair:2)
  6 howler monkeys
  8 crimson imps
  A bullfrog zombie (D:8)
  5 hounds
  12 orc priests
  3 bullfrog skeletons
  A gnoll shaman (D:8)
  A jelly (D:8)
  15 orc wizards
  5 iguanas
  6 worker ants
  A hound skeleton (D:4)
  3 gnolls (D:8)
  10 adders
  15 river rats (Lair:2)
  3 shadow imps
  An adder zombie (D:6)
  2 adder skeletons
  2 leopard geckos
  55 orcs
  5 giant cockroaches
  A goblin (D:2)
  2 hobgoblins (D:1)
  6 jackals
  6 kobolds
  2 quokkas
  3 bats
  2 frilled lizards
  3 rats
600 creatures vanquished.

Vanquished Creatures (others)
  A yaktaur captain (Vaults:3)
  A vault guard (D:14)
  An ogre mage (Vaults:2)
  A death knight (Vaults:2)
  An orc wizard (D:5)
  An orc (D:7)
  A fungus (Lair:6)
  9 plants (Lair:6)
16 creatures vanquished.

Grand Total: 616 creatures vanquished

Notes
Turn   | Place    | Note
-------+----------+-------------------------------------------
     0 | D:1      | Charly the Ghoul Monk began the quest for the Orb.
     0 | D:1      | Reached XP level 1. HP: 19/19 MP: 0/0
    57 | D:1      | Reached XP level 2. HP: 24/26 MP: 1/1
    91 | D:1      | Reached skill level 4 in Unarmed Combat
   222 | D:2      | Found a basalt altar of Yredelemnul.
   279 | D:2      | Reached XP level 3. HP: 7/30 MP: 2/2
   436 | D:4      | Noticed Natasha
   509 | D:4      | Reached skill level 5 in Unarmed Combat
   561 | D:4      | Noticed Edmund
   611 | D:4      | Reached XP level 4. HP: 38/38 MP: 3/3
   632 | D:5      | Entered Level 5 of the Dungeon
   659 | D:5      | Reached skill level 6 in Unarmed Combat
   659 | D:5      | Reached XP level 5. HP: 45/45 MP: 4/4
   691 | D:5      | Noticed a sky beast
   703 | D:5      | Killed a sky beast
   703 | D:5      | Reached skill level 7 in Unarmed Combat
   708 | D:5      | Noticed Menkaure
   720 | D:5      | Killed Menkaure
   720 | D:5      | Reached XP level 6. HP: 34/51 MP: 5/5
   725 | D:6      | Noticed an orc warrior
   764 | D:5      | Reached skill level 8 in Unarmed Combat
   815 | D:5      | Noticed a phantom
   824 | D:5      | Killed a phantom
   824 | D:5      | Reached XP level 7. HP: 40/57 MP: 6/6
   950 | D:5      | Reached skill level 9 in Unarmed Combat
  1096 | D:7      | Reached XP level 8. HP: 44/67 MP: 7/7
  1109 | D:7      | Noticed a yak
  1110 | D:7      | Noticed a yak
  1306 | D:5      | Reached skill level 10 in Unarmed Combat
  1372 | D:5      | Found a staircase to the Ecumenical Temple.
  1380 | Temple   | Entered the Ecumenical Temple
  1459 | Temple   | Became a worshipper of Cheibriados the Contemplative
  1459 | Temple   | Reached * piety under Cheibriados
  1459 | Temple   | Reached ** piety under Cheibriados
  1565 | D:6      | Reached skill level 5 in Fighting
  1686 | D:6      | Reached skill level 11 in Unarmed Combat
  1726 | D:6      | Reached XP level 9. HP: 66/74 MP: 8/8
  1830 | D:6      | Reached *** piety under Cheibriados
  2003 | D:7      | Reached skill level 12 in Unarmed Combat
  2176 | D:8      | Reached skill level 5 in Dodging
  2225 | D:8      | Noticed Maurice
  2231 | D:8      | Reached **** piety under Cheibriados
  2239 | D:8      | Killed Maurice
  2239 | D:8      | Reached XP level 10. HP: 78/86 MP: 8/10
  2416 | D:10     | Entered Level 10 of the Dungeon
  2454 | D:9      | Got a distressingly furry plate armour
  2465 | D:9      | Identified the +8 plate armour of Resonance {*Contam rElec rPois Int+5} (You found it on level 9 of the Dungeon)
  2572 | D:9      | Reached skill level 1 in Armour
  2575 | D:9      | 19/10
  2686 | D:9      | Reached ***** piety under Cheibriados
  2767 | D:10     | Reached skill level 13 in Unarmed Combat
  2817 | D:10     | Noticed Snorg
  2826 | D:10     | Killed Snorg
  2826 | D:10     | Reached skill level 5 in Invocations
  2826 | D:10     | Reached XP level 11. HP: 76/93 MP: 13/13
  3215 | D:11     | ORC D11
  3258 | D:11     | Found Ypseufebb's Armour Boutique.
  3261 | D:11     | Bought a +0 pair of boots for 63 gold pieces
  3293 | D:11     | Found a staircase to the Lair.
  3367 | D:11     | Noticed a manticore
  3375 | D:11     | Killed a manticore
  3375 | D:11     | Reached skill level 5 in Armour
  3403 | D:10     | Noticed Sonja
  3426 | D:10     | Killed Sonja
  3452 | D:11     | Reached skill level 14 in Unarmed Combat
  3582 | D:12     | Noticed an unseen horror
  3588 | D:12     | Killed an unseen horror
  3588 | D:12     | Reached skill level 1 in Evocations
  3601 | D:13     | Noticed a hill giant
  3613 | D:13     | Killed a hill giant
  3716 | D:14     | Noticed a cyclops
  3723 | D:14     | Killed a cyclops
  3723 | D:14     | Reached XP level 12. HP: 100/104 MP: 10/15
  3738 | D:14     | VAULTS D14
  3744 | D:15     | Entered Level 15 of the Dungeon
  3764 | D:15     | Found a shattered altar of Ashenzari.
  3912 | D:12     | Reached ****** piety under Cheibriados
  3970 | D:12     | Noticed a centaur warrior
  3975 | D:12     | Killed a centaur warrior
  4048 | D:12     | Noticed an ogre mage
  4063 | D:12     | Killed an ogre mage
  4144 | D:12     | Reached skill level 15 in Unarmed Combat
  4259 | Lair:1   | Entered Level 1 of the Lair of Beasts
  4260 | Lair:1   | 24/13
  4269 | Lair:1   | Reached skill level 10 in Fighting
  4455 | Lair:2   | Identified a scroll of acquirement
  4478 | Lair:2   | Found a basalt altar of Yredelemnul.
  4491 | Lair:2   | Found a staircase to the Snake Pit.
  4738 | Lair:6   | Entered Level 6 of the Lair of Beasts
  4750 | Lair:6   | Noticed a six-headed hydra
  4766 | Lair:6   | Killed a six-headed hydra
  4787 | Lair:6   | Reached XP level 13. HP: 90/114 MP: 16/16
  4904 | Lair:6   | Reached skill level 5 in Evocations
  4977 | Lair:6   | Found a staircase to the Slime Pits.
  5050 | Lair:6   | Noticed a dire elephant
  5118 | Lair:6   | Killed a dire elephant
  5221 | Lair:6   | Identified Ygybiab's Incunabulum of Unstable Bewitchment
  5273 | Lair:6   | 29/14
  5410 | Lair:4   | Noticed Nergalle
  5426 | Lair:4   | Killed Nergalle
  5560 | Lair:2   | Found a staircase to the Swamp.
  5578 | Lair:2   | Upgraded the game from 0.19-a0-1587-gaef70b6 to 0.19-a0-1608-g4cf22de
  5578 | Lair:2   | 29/14
  5588 | Swamp:1  | Entered Level 1 of the Swamp
  5683 | Swamp:2  | Noticed Aizul
  5699 | Swamp:2  | Killed Aizul
  5821 | Swamp:3  | Noticed nublet's ghost (journeyman HOMo)
  5838 | Swamp:3  | Killed nublet's ghost
  5838 | Swamp:3  | Reached XP level 14. HP: 57/124 MP: 16/18
  5884 | Swamp:4  | Entered Level 4 of the Swamp
  6029 | Swamp:3  | Reached skill level 10 in Armour
  6088 | Swamp:4  | Reached skill level 16 in Unarmed Combat
  6203 | Swamp:4  | Noticed a thorn hunter
  6213 | Swamp:4  | Killed a thorn hunter
  6403 | Swamp:4  | Got a decaying rune of Zot
  6757 | D:14     | 29/15
  6790 | D:14     | Reached XP level 15. HP: 111/133 MP: 20/20
  6834 | D:14     | Reached skill level 17 in Unarmed Combat
  6851 | D:14     | Found a gate to the Vaults.
  6929 | Vaults:1 | Entered Level 1 of the Vaults
  7034 | Vaults:1 | Noticed a vault warden
  7066 | Vaults:1 | Killed a vault warden
  7507 | Vaults:2 | Noticed a vault warden
  7523 | Vaults:2 | Noticed a vault warden
  7535 | Vaults:2 | Killed a vault warden
  7560 | Vaults:2 | HP: 3/135 [deep elf archer/arrow (25)]
  7694 | D:15     | Reached XP level 16. HP: 71/142 MP: 18/21
  7761 | D:15     | Found a staircase to the Depths.
  7790 | D:15     | Reached skill level 18 in Unarmed Combat
  8820 | Vaults:3 | Noticed a bone dragon
  8832 | Vaults:3 | Killed a bone dragon
  8851 | Vaults:3 | Found a staircase to the Crypt.
  8861 | Vaults:3 | Found Meab's General Store.
  8864 | Vaults:3 | Bought a scroll of enchant armour for 112 gold pieces
  8864 | Vaults:3 | Bought a potion of curing for 45 gold pieces
  8864 | Vaults:3 | Bought a scroll of fear for 52 gold pieces
  8864 | Vaults:3 | Bought a scroll of identify for 30 gold pieces
  8892 | Vaults:3 | Noticed Xtahua
  8905 | Vaults:3 | Reached skill level 10 in Invocations
  8918 | Vaults:3 | Slain by a white very ugly thing

Vault maps used:
D:1:      mrwooster_arrival_arrow
D:2:      kennysheep_nub, yredelemnul_altar_generic
D:3:      wad_crossroads, first_bread, serial_bayou_pond_c
D:4:      serial_shops, nicolae_shop_stone, uniq_natasha, uniq_edmund
D:5:      serial_shops, shop, uniq_menkaure
D:8:      uniq_maurice, uniq_grum
D:10:     uniq_sonja, uniq_snorg
D:11:     lair_0_dummy, serial_shops, shop, portal_ice_cave_entry_pillars_2,
          hangedman_ranch
D:12:     minmay_curly_fans, david_orc_4
D:13:     uniq_erolcha, uniq_urug
D:14:     grunt_vaults_entry_tiered, kennysheep_minor_cross, uniq_josephine
D:15:     gammafunk_depths_entry_grave, minmay_misc_feat_iff,
          nicolae_ashenzari_panopticon
Temple:   minmay_crystal_snake_temple
Lair:1:   hangedman_lair_generics_rect
Lair:2:   nicolae_swamp_entry_splash_gauntlet, guppyfry_snake_entry_garden,
          basic_altar, lemuel_fruit_fields, lemuel_fruit_fields,
          lemuel_fruit_tree
Lair:3:   uniq_rupert
Lair:4:   beast_lair_carwin_7, uniq_nergalle
Lair:5:   serial_bayou_shore_b
Lair:6:   gammafunk_lair_ancient_temple, slime_dummy, minivault_27,
          infiniplex_staircase_pool
Swamp:1:  nicolae_swamp_orc_logging_accident
Swamp:2:  nicolae_swamp_stair_fork, uniq_aizul
Swamp:3:  evilmike_swamp_ruin_house_1
Swamp:4:  swamp_basic_johnstein
Vaults:1: v_misc_26, v_misc_16, v_pattern_5, v_misc_9, nicolae_vaults_network_s,
          vaults_room_pools, nicolae_vaults_specimen_jars, v_misc_17, v_misc_27,
          vaults_room_pool, vaults_mumra_minichess,
          ontoclasm_vaults_decontamination, portal_desolation_entry_garden
Vaults:2: vaults_room_pools, vaults_standard_mumra_x,
          vaults_mumra_minichess_inversion, v_alt_pattern_4, vaults_room_fours,
          vaults_dpeg_ring, ontoclasm_vaults_ligature,
          nicolae_vaults_network_quinsquares, nicolae_vaults_little_squares_3,
          vaults_dpeg_encased_lava
Vaults:3: minmay_crypt_entry_nasty_monster, ontoclasm_vaults_ring_square,
          hangedman_vaults_nails, ontoclasm_vaults_gateway, v_misc_14,
          v_misc_14, nicolae_vaults_network_quincunx, vaults_mumra_lcd,
          vaults_room_fours, grunt_vaults_hallway_long, v_rooms_4, v_misc_18,
          v_misc_25, ontoclasm_vaults_ring_small, dpeg_vaults_monster_row,
          ontoclasm_vaults_twist, serial_shops, shop, uniq_xtahua

Skill      XL: |  1  2  3  4  5  6  7  8  9 10 11 12 13 14 15 16 |
---------------+-------------------------------------------------+-----
Unarmed Combat | 4 5 6 7 8 9 11 12 13 14 15 16 17 18 | 18.7
Fighting       | 4 5 7 8 9 10 11 12 13 | 13.7
Dodging        | 3 5 6 8 9 |  9.8
Invocations    | 2 5 6 9 10 | 10.1
Armour         | 4 6 8 9 10 11 | 11.8
Evocations     | 1 4 7 8 |  8.0
Stealth        | |  2.1

Action                   |  1- 3 |  4- 6 |  7- 9 | 10-12 | 13-15 | 16-18 || total
-------------------------+-------+-------+-------+-------+-------+-------++-------
Melee: Unarmed           |   102 |    49 |   242 |   553 |   817 |   342 ||  2105
       Punch             |     2 |       |    16 |    53 |    97 |    46 ||   214
 Fire: Blowgun           |       |       |       |       |     4 |       ||     4
Invok: Temporal Distorti |       |       |       |     3 |     5 |     1 ||     9
       Slouch            |       |       |       |       |    13 |     3 ||    16
       Step From Time    |       |       |       |       |     3 |       ||     3
 Abil: Evoke Invisibilit |       |       |       |     3 |    15 |     6 ||    24
Evoke: Wand              |     1 |     6 |    18 |    16 |    20 |     2 ||    63
       Phantom mirror    |       |       |       |       |     1 |       ||     1
  Use: Scroll            |       |       |     7 |    11 |    10 |     4 ||    32
       Potion            |       |       |     1 |       |     7 |     1 ||     9
 Stab: Sleeping          |     2 |     1 |       |     1 |       |       ||     4
       Confused          |       |     4 |     1 |       |       |       ||     5
       Paralysed         |       |       |     4 |     4 |     1 |       ||     9
       Invisible         |       |       |       |    14 |    72 |    28 ||   114
       Distracted        |       |       |       |       |     1 |     1 ||     2
  Eat: Chunk             |    10 |     6 |    33 |    29 |    87 |    27 ||   192
Armor: Robe              |    13 |     2 |    18 |     2 |       |       ||    35
       Plate armour      |       |       |       |   310 |   482 |   154 ||   946
Dodge: Dodged            |    61 |    16 |   144 |   315 |   611 |   171 ||  1318
